 Dungeon Crawl Stone Soup version 0.30-a0-1160-g6e42c06551 (webtiles) character file.

Game seed: 18055177955778530458

5574 holysushi the Nimble (level 10, -1/51 HPs)
             Began as a Spriggan Necromancer on Apr 26, 2023.
             Was an Elder of Nemelex Xobeh.
             Slain by a two-headed ogre
             ... wielding a +0 giant club
              (24 damage)
             ... on level 8 of the Dungeon.
             The game lasted 00:22:29 (10742 turns).

holysushi the Nimble (Spriggan Necromancer)        Turns: 10742, Time: 00:22:29

Health: -1/51      AC:  2    Str:  4    XL:     10   Next: 44%
Magic:  4/18       EV: 28    Int: 27    God:    Nemelex Xobeh [****..]
Gold:   189        SH:  0    Dex: 16    Spells: 3/19 levels left

rFire   . . .        q - +4 short sword
rCold   . . .        v - orb {light}
rNeg    . . .        j - +0 robe
rPois   .            (helmet restricted)
rElec   .            C - scarf {repulsion}
rCorr   .            (gloves unavailable)
SInv    +            (boots unavailable)
Will    +....        h - amulet of regeneration
Stlth   +            F - +6 ring of intelligence
HPRegen 1.08/turn    m - +5 ring of evasion
MPRegen 0.16/turn

%: repel missiles
@: animating dead, glowing, very quick
A: very small, no large weapons, unfitting armour, see invisible, speed 3
a: Renounce Religion, Draw Escape, Draw Destruction, Draw Summoning, Triple
Draw, Deal Four


You were on level 8 of the Dungeon.
You worshipped Nemelex Xobeh.
Nemelex Xobeh was greatly pleased with you.
You visited 1 branch of the dungeon, and saw 8 of its levels.

You collected 403 gold pieces.
You spent 214 gold pieces at shops.

Inventory:

Hand Weapons
 i - a +0 dagger of protection
 q - a +4 short sword (weapon)
Armour
 j - a +0 robe (worn)
 v - an orb of light (worn)
 B - a +1 cloak of fire resistance
 C - a scarf of repulsion (worn)
Jewellery
 h - an amulet of regeneration (around neck)
 l - a ring of magical power
 m - a +5 ring of evasion (right hand)
 F - a +6 ring of intelligence (left hand)
Wands
 y - a wand of charming (11)
 A - a wand of light (8)
Scrolls
 a - 2 scrolls of fear {unknown}
 c - 2 scrolls of fog {unknown}
 d - 3 scrolls of teleportation
 e - 6 scrolls of identify {unknown}
 g - 3 scrolls of blinking {unknown}
 k - a scroll of enchant weapon {unknown}
 n - a scroll of poison {unknown}
 p - 3 scrolls of noise {unknown}
 t - a scroll of silence {unknown}
 u - 3 scrolls of vulnerability {unknown}
 D - a scroll of enchant armour {unknown}
 H - a scroll of butterflies {unknown}
Potions
 b - a potion of magic
 f - a potion of attraction {unknown}
 o - a potion of flight {unknown}
 r - 4 potions of mutation {unknown}
 s - a potion of invisibility {unknown}
 w - a potion of lignification {unknown}
 x - a potion of heal wounds {unknown}
 z - 2 potions of curing {unknown}
 E - a potion of resistance {unknown}
 G - a potion of might {unknown}


   Skills:
 - Level 5.0 Fighting
 - Level 3.0 Short Blades
 - Level 10.0 Dodging
 - Level 5.0 Stealth
 - Level 5.0 Spellcasting
 + Level 6.8 Hexes
 + Level 9.1 Necromancy
 - Level 2.0 Invocations
 - Level 3.0 Evocations


You had 3 spell levels left.
You knew the following spells:

 Your Spells              Type           Power      Damage    Failure   Level
a - Necrotise             Necr           100%       1d9       1%          1
b - Vampiric Draining     Necr           54%        2d9       1%          3
c - Inner Flame           Hex/Fire       25%        N/A       5%          3
d - Animate Dead          Necr           54%        N/A       1%          4
e - Yara's Violent Unrav  Hex/Tmut       12%        3d7       45%         5

Your spell library contained the following spells:

 Spells                   Type           Power      Damage    Failure   Level
 Sublimation of Blood     Necr           54%        N/A       1%          2
 Magic Dart               Conj           24%        1d4       7%          1
 Call Imp                 Summ           12%        N/A       11%         2
 Wereblood                Tmut           6%         N/A       11%         2
 Ignite Poison            Fire/Tmut/Pois 6%         N/A       22%         3
 Mephitic Cloud           Conj/Pois/Air  6%         N/A       22%         3
 Agony                    Necr           54%        N/A       4%          5
 Sticky Flame             Conj/Fire      6%         2d3       56%         4
 Fireball                 Conj/Fire      3%         3d4       89%         5
 Iskenderun's Battlesphe  Conj           6%         2d6       89%         5
 Enfeeble                 Hex            21%        N/A       98%         7
 Conjure Ball Lightning   Conj/Air       3%         3x3d6     100%        6
 Orb of Destruction       Conj           3%         9d5       100%        7
 Summon Hydra             Summ           3%         N/A       100%        7
 Ignition                 Fire           3%         3d4       100%        8


Dungeon Overview and Level Annotations

Branches:
Dungeon (8/15) Zot: 26340  Temple (0/1) D:5
   Lair: D:8-11

Altars:
Dithmenos
Elyvilon
Hepliaklqana
Kikubaaqudgha
Nemelex Xobeh
Sif Muna
Trog
Vehumet

Shops:
D:5 *   D:6 =?[([=[(


Innate Abilities, Weirdness & Mutations

You are very small and have problems with some larger weapons.
You are too small for most types of armour.
You have supernaturally acute eyesight. (SInv)
You cover ground extremely quickly. (Speed+++)


Message History

Your orc zombie hits the orc warrior but does no damage.
An orc comes into view. It is wielding a +0 short sword.
The bullfrog hits your orc priest zombie.
The orc warrior barely misses your orc zombie.
Okay, then.
Your orc priest zombie barely misses the bullfrog.
The orc wizard casts a spell.
The orc wizard flickers and vanishes for a moment.
Casting: Necrotise (safe; 1% risk of failure)
Confirm with . or Enter, or press ? or * to list all spells.
You dismiss your zombies and call upon the dead to rise afresh.
Casting: Animate Dead (dangerous; 1% risk of failure)
Confirm with . or Enter, or press ? or * to list all spells.
Aiming: Inner Flame (dangerous; 5% risk of failure)
Press: ? - help, Dir - move target, f - bullfrog
Aim: a bullfrog (chance to affect: 80%)
The bullfrog barely resists.
You barely miss the bullfrog. The bullfrog completely misses you.
You hit the bullfrog.
The bullfrog is lightly wounded.
The bullfrog misses you. The bullfrog completely misses you.
You puncture the bullfrog!
The bullfrog is moderately wounded.
The bullfrog closely misses you.
You puncture the bullfrog!
The bullfrog is severely wounded.
The bullfrog hits you.
You barely miss the bullfrog.
The bullfrog is severely wounded.
The bullfrog completely misses you.
You hit the bullfrog.
The bullfrog is severely wounded.
The bullfrog closely misses you. The bullfrog hits you.
You hit the bullfrog.
The bullfrog is almost dead.
The bullfrog hits you.
The two-headed ogre hits you with a +0 giant club!!
The two-headed ogre hits you with a +0 giant spiked club!!
You die...
Your body glows with a rainbow of weird colours and disappears.

§..o§.≈.. ##.#.....## .
.##.≈.≈§§§§§≈.# ###.........## ..
..#.≈§§§§.§§≈.###<...........#...
#...≈§§§§.≈§§.#........O.###.....
#..≈§§.§.≈.≈........#...# ##....
#..≈.≈≈≈≈≈.≈..###...#...# ....
#.≈..§§§§o≈.###....#...# ...#
###)≈≈≈≈§≈≈≈≈..#.....##..# .<##
#.............oF@....##..# ###
........###....O###..#....
##..Z...# ###..## #....###.
#..##..###....# #...##
#..###....##### #..## #..#.O.####
### #### ##.....## ###..#
##...### #....# .....# ##...#


You could see a two-headed ogre, an orc warrior, a bullfrog and an orc wizard
(invisible).

Vanquished Creatures
  A two-headed ogre (D:7)
  A gargoyle (D:6)
  2 shadows (D:6)
  A wyvern (D:7)
  5 yaks (D:8)
  2 steam dragons
  5 water moccasins
  2 sky beasts
  An ice beast (D:6)
  An orc warrior (D:7)
  A black bear (D:5)
  2 ogres
  3 centaurs
  A phantom (D:7)
  A lemure (D:3)
  A kobold brigand (D:8)
  3 bullfrogs
  5 scorpions
  A gnoll sergeant (D:8)
  A yak zombie (D:8)
  2 howler monkeys
  A bullfrog zombie (D:7)
  A jelly (D:7)
  5 orc priests
  Crazy Yiuf (D:2)
  3 hounds
  A gnoll bouda (D:6)
  2 sleepcaps
  6 iguanas
  An orc wizard (D:7)
  5 adders
  7 gnolls
  A steam dragon zombie (D:8)
  An orc zombie (D:7)
  2 shadow imps
  2 white imps
  5 worms
  6 dart slugs
  19 orcs
  6 bats
  11 endoplasms
  4 giant cockroaches
  7 goblins
  3 hobgoblins
  5 quokkas
  5 ball pythons
  3 frilled lizards
  12 kobolds
  5 rats (D:3)
172 creatures vanquished.

Vanquished Creatures (collateral kills)
  An ogre (D:5)
  A yak zombie (D:8)
  An orc priest (D:6)
  A jelly (D:6)
  An iguana (D:7)
  An ufetubus (D:5)
  A dart slug (D:1)
  3 orcs
  A ball python (D:1)
11 creatures vanquished.

Vanquished Creatures (others)
  A water moccasin zombie (D:6)
  A yak zombie (D:8)
  A centaur zombie (D:7)
  2 bullfrog zombies
  A scorpion zombie (D:7)
  An iguana zombie (D:5)
  2 gnoll zombies (D:7)
  A goblin zombie (D:4)
  A hobgoblin zombie (D:4)
  5 orc zombies
  11 fungi (D:5)
27 creatures vanquished.

Grand Total: 210 creatures vanquished

Notes
Turn   | Place    | Note
-------+----------+-------------------------------------------
     0 | D:1      | holysushi the Spriggan Necromancer began the quest for the
                  | Orb.
     0 | D:1      | Reached XP level 1. HP: 9/9 MP: 5/5
   252 | D:1      | Reached skill level 1 in Fighting
   270 | D:1      | Reached XP level 2. HP: 14/14 MP: 0/6
   516 | D:1      | You fall into a shaft and drop 1 floor!
   642 | D:2      | Reached skill level 3 in Dodging
   737 | D:2      | Reached XP level 3. HP: 18/18 MP: 2/8
   846 | D:1      | Found a faded altar of an unknown god.
   854 | D:1      | Prayed at the altar of an unknown god.
   854 | D:1      | Became a worshipper of Nemelex Xobeh the Trickster
   854 | D:1      | Reached * piety under Nemelex Xobeh
   863 | D:1      | Received a gift from Nemelex Xobeh
  1107 | D:1      | Reached skill level 4 in Dodging
  1294 | D:2      | Learned a level 3 spell: Vampiric Draining
  1355 | D:2      | Found a radiant altar of Vehumet.
  1397 | D:2      | Found a runed translucent door.
  1399 | D:2      | Noticed Crazy Yiuf
  1528 | D:2      | Killed Crazy Yiuf
  1529 | D:2      | Reached XP level 4. HP: 23/23 MP: 9/9
  2000 | D:2      | Received a gift from Nemelex Xobeh
  2150 | D:2      | Reached ** piety under Nemelex Xobeh
  2391 | D:3      | Noticed Grinder
  2394 | D:3      | Grinder changed into Grinder the lemure
  2394 | D:3      | Noticed Grinder
  2397 | D:3      | Killed Grinder the lemure
  2398 | D:3      | Reached skill level 5 in Dodging
  2398 | D:3      | Reached XP level 5. HP: 26/26 MP: 10/10
  2470 | D:3      | Learned a level 4 spell: Animate Dead
  3336 | D:4      | Reached skill level 1 in Invocations
  3359 | D:4      | Reached skill level 5 in Necromancy
  3481 | D:4      | Reached XP level 6. HP: 30/30 MP: 10/11
  3546 | D:4      | Noticed a steam dragon
  3551 | D:4      | Killed a steam dragon
  4118 | D:4      | Found a bloodstained altar of Trog.
  4474 | D:4      | Found an ancient bone altar of Kikubaaqudgha.
  4483 | D:4      | Found a sparkling altar of Nemelex Xobeh.
  4592 | D:5      | Entered Level 5 of the Dungeon
  4605 | D:5      | Reached XP level 7. HP: 35/35 MP: 6/13
  4718 | D:5      | Found Zavveh's Fire Supplies.
  4790 | D:5      | Received a gift from Nemelex Xobeh
  4884 | D:5      | Found a shadowy altar of Dithmenos.
  4966 | D:5      | Found a staircase to the Ecumenical Temple.
  5092 | D:5      | Found a shimmering blue altar of Sif Muna.
  5419 | D:5      | Reached skill level 6 in Dodging
  5983 | D:5      | Reached *** piety under Nemelex Xobeh
  5988 | D:5      | Reached skill level 5 in Spellcasting
  5999 | D:5      | Reached XP level 8. HP: 30/40 MP: 10/16
  6003 | D:5      | Found the +11 Singing Sword {sonic wave}
  6170 | D:5      | Bought a +1 cloak of fire resistance for 181 gold pieces
  6324 | D:6      | Found Ilylar's Antique Armour Shop.
  6342 | D:6      | Reached skill level 1 in Short Blades
  6345 | D:6      | Found Baodghyo's Antique Weapon Shoppe.
  6347 | D:6      | Found Dautefugo's Armour Boutique.
  6437 | D:6      | Found Cuudoc's Jewellery Emporium.
  6440 | D:6      | Found Amee's Antique Armour Shop.
  6559 | D:6      | Found Pueng's Magic Scroll Boutique.
  6562 | D:6      | Bought a scroll of teleportation for 33 gold pieces
  6602 | D:6      | Found a white marble altar of Elyvilon.
  6609 | D:6      | Reached skill level 7 in Dodging
  6820 | D:6      | Received a gift from Nemelex Xobeh
  6838 | D:6      | Found Ynniocoi's Jewellery Emporium.
  6939 | D:6      | Reached skill level 5 in Stealth
  7057 | D:6      | Noticed a gargoyle
  7071 | D:6      | Killed a gargoyle
  7072 | D:6      | Reached skill level 1 in Evocations
  7072 | D:6      | Reached XP level 9. HP: 46/46 MP: 17/17
  7076 | D:6      | Learned a level 3 spell: Inner Flame
  7147 | D:6      | Reached skill level 8 in Dodging
  7147 | D:6      | Reached skill level 1 in Hexes
  7231 | D:6      | Found Yguuno Porra's Weapon Shop.
  8222 | D:7      | Reached **** piety under Nemelex Xobeh
  9084 | D:7      | Reached skill level 5 in Fighting
  9306 | D:7      | Noticed a two-headed ogre
  9357 | D:7      | Reached skill level 9 in Dodging
  9609 | D:7      | Killed a two-headed ogre
  9610 | D:7      | Reached skill level 5 in Hexes
  9610 | D:7      | Reached XP level 10. HP: 51/51 MP: 11/18
  9668 | D:7      | Learned a level 5 spell: Yara's Violent Unravelling
  9861 | D:8      | Received a gift from Nemelex Xobeh
 10002 | D:8      | Reached skill level 10 in Dodging
 10654 | D:8      | Found a hazy altar of Hepliaklqana.
 10673 | D:8      | Noticed a two-headed ogre
 10742 | D:8      | Slain by a two-headed ogre

Illustrated notes

Levels and vault maps discovered:
D:1:      sevenhm_arrival_forest_fort_large_4, layout_basic,
          hellmonk_ecumenical_altar_heavens_door
D:2:      layout_basic, basic_altar, uniq_crazy_yiuf_cottage
D:3:      layout_loops_ring, uniq_grinder
D:4:      kennysheep_six_static_rooms, layout_loops_ring, lemuel_crystal_altar,
          mainiacjoe_overflow_swirl
D:5:      old_forge, layout_loops_corners, mainiacjoe_overflow_brackets,
          general_overflow_altar, minmay_temple_entry_tees,
          nicolae_shop_fire_sale [nicolae_sub_dead_trees], nicolae_eternal_life
D:6:      layout_loops_ring, elyvilon_altar_3, serial_shops,
          nicolae_inconvenience_store, kennysheep_mini,
          nicolae_shop_bloodbath_and_beyond, nicolae_shop_national_dungeon_mall,
          kb_rosetta
D:7:      minmay_clustersquares, layout_loops_ring, grunt_ministairs_5,
          chequers_serial_rivers_small_3
D:8:      layout_layer_cave, mainiacjoe_overflow_concentric_impassable

Skill      XL: |  1  2  3  4  5  6  7  8  9 10 |
---------------+-------------------------------+-----
Fighting       | 1 2 3 4 5 |  5.0
Dodging        | 3 4 5 6 7 9 10 | 10.0
Necromancy     | 4 5 6 7 8 9 |  9.1
Invocations    | 2 |  2.0
Spellcasting   | 3 5 |  5.0
Short Blades   | 3 |  3.0
Stealth        | 5 |  5.0
Evocations     | 1 3 |  3.0
Hexes          | 5 6 |  6.8

Action                     |  1- 3 |  4- 6 |  7- 9 | 10-12 || total
---------------------------+-------+-------+-------+-------++-------
  Melee: Unarmed           |     3 |       |       |       ||     3
         Dagger            |     1 |     2 |       |       ||     3
         Short sword       |       |     2 |   185 |    54 ||   241
   Cast: Necrotise         |    65 |    90 |    94 |    30 ||   279
         Vampiric Draining |       |    14 |    37 |     2 ||    53
         Animate Dead      |       |     2 |    18 |     8 ||    28
         Inner Flame       |       |       |     8 |     6 ||    14
 Invoke: Draw Destruction  |       |     5 |     1 |     2 ||     8
   Stab: Sleeping          |       |       |     1 |       ||     1
 Armour: Robe              |     3 |     3 |    11 |     2 ||    19
  Dodge: Dodged            |    20 |    26 |   201 |    53 ||   300

Table legend: (Time is in decaauts)
 A = Elapsed time spent in this place.
 B = Non-inter-level travel time spent in this place.
 C = Inter-level travel time spent in this place.
 D = Time resting spent in this place.
 E = Time spent auto-exploring this place.
 F = Levels seen in this place.
 G = Mean time per level.
                   A        B        C        D        E       F      G
               +--------+--------+--------+--------+--------+-----+--------+
         Total |   8031 |   7843 |    188 |   1372 |   4773 |   8 | 1003.9 |
       Dungeon |   8031 |   7843 |    188 |   1372 |   4773 |   8 | 1003.9 |
               +--------+--------+--------+--------+--------+-----+--------+

Top non-repeatable levels by time:
     D:6: 1440 daAuts
     D:7: 1346 daAuts
     D:5: 1228 daAuts
     D:2: 948 daAuts
     D:4: 874 daAuts
     D:1: 772 daAuts
     D:3: 761 daAuts
     D:8: 659 daAuts
